 Dungeon Crawl Stone Soup version 0.15-a0-335-g04a2ae6 (webtiles) character file.

275 4tharraofdagon the Insei (level 5, -12/63 HPs)
             Began as a Demonspawn Monk on May 1, 2014.
             Mangled by an ogre
             ... wielding a +0,+0 giant club
              (13 damage)
             ... on Level 5 of the Dungeon.
             The game lasted 00:06:43 (1312 turns).

4tharraofdagon the Insei (Demonspawn Monk)          Turns: 1312, Time: 00:06:43

HP -12/63        AC  9     Str 17      XL: 5   Next: 55%
MP   5/5         EV  6     Int 17      God:
Gold 67          SH  0     Dex 15      Spells:  0 memorised,  4 levels left

rFire  . . .     SeeInvis .       - Unarmed
rCold  + . .     Clarity  .     f - +0 chain mail
rNeg   . . .     Conserve +     (no shield)
rPois  .         rCorr    .     (helmet restricted)
rElec  .         rRot     .     (no cloak)
SustAb . .       Spirit   .     (no gloves)
rMut   .         Warding  .     j - +0 pair of boots
Saprov . . .     Stasis   .     t - amulet of conservation
MR     .....                    (no ring)
                                (no ring)

@: mighty, brilliant, berserking, very quick, not resistant to hostile
enchantments, extremely unstealthy
A: antennae 1, cold resistance 1
a: no special abilities


You were on level 5 of the Dungeon.
You were hungry.

You visited 1 branch of the dungeon, and saw 5 of its levels.
You also visited: Sewer.

You collected 67 gold pieces.

Inventory:

Hand weapons
 k - a +3 blowgun
Missiles
 l - 12 poisoned needles
 n - 21 steel sling bullets
Armour
 a - a +0 robe
 f - a +0 chain mail (worn)
 j - a +0 pair of boots (worn)
Comestibles
 b - 2 bread rations
Scrolls
 c - a scroll of magic mapping {unknown}
 d - a scroll of blinking {unknown}
 e - a scroll of enchant weapon I
 g - a scroll of teleportation
 h - a scroll of enchant weapon II {unknown}
 i - a scroll of amnesia {unknown}
 m - 4 scrolls of remove curse
 o - a scroll of immolation {unknown}
 s - a scroll of fear {unknown}
Jewellery
 t - an amulet of conservation (around neck)
Potions
 q - a potion of brilliance
 r - a potion of berserk rage


   Skills:
 + Level 4.0 Fighting
 + Level 3.7 Dodging
 - Level 1.7 Stealth
 * Level 5.1 Unarmed Combat


You had 4 spell levels left.
You didn't know any spells.

Dungeon Overview and Level Annotations

Branches:
Dungeon (5/15)
 Temple: D:4-7

Altars:


Innate Abilities, Weirdness & Mutations

You have a pair of small antennae on your head.
Your flesh is cold resistant.


Message History

The ogre hits you with a giant club!
You punch the ogre!
The ogre is heavily wounded.
Drink which item? (? for menu, Esc to quit)
You feel clever all of a sudden.
It was a potion of brilliance.
The ogre hits you with a giant club!
* * * LOW HITPOINT WARNING * * *
Unknown command.
Drink which item? (? for menu, Esc to quit)
A red film seems to cover your vision as you go berserk!
You feel yourself moving faster!
You feel mighty!
It was a potion of berserk rage.
The ogre barely misses you.
Unknown command.
Your chain mail prevents you from hitting the ogre.
The ogre is heavily wounded.
Unknown command.
You punch the ogre!
The ogre is severely wounded.
The ogre hits you with a giant club!
You die...

#..# #..# #..# #..# #
#..# ... #..# ....
#######..# .....
.........#
......:############.#
.......'..SoO@..(...#
.......##############
..... .... ... .


You could see an ogre, an adder and an orc.

Vanquished Creatures
  A scorpion (D:5)
  A hound (D:3)
  An iguana (D:5)
  Jessica (D:3)
  An adder (D:3)
  A giant mite (D:2)
  A giant gecko (D:3)
  5 orcs
  A ball python (D:3)
  A giant cockroach (D:3)
  A goblin (D:3)
  3 hobgoblins
  3 jackals (D:3)
  A quokka (D:4)
  A bat (D:4)
  2 giant newts
  7 kobolds (D:3)
  32 rats
  A rat skeleton (D:4)
65 creatures vanquished.

Notes
Turn   | Place    | Note
--------------------------------------------------------------
     0 | D:1      | 4tharraofdagon, the Demonspawn Monk, began the quest for the Orb.
     0 | D:1      | Reached XP level 1. HP: 18/18 MP: 1/1
    66 | D:3      | Noticed an orc priest
   180 | D:3      | Gained mutation: Your flesh is cold resistant. [demonic ancestry]
   180 | D:3      | Reached XP level 2. HP: 9/24 MP: 2/2
   344 | D:3      | Noticed an orc priest
   346 | D:3      | Noticed an orc warrior
   486 | D:3      | Reached skill level 4 in Unarmed Combat
   501 | D:3      | Gained mutation: You have a pair of small antennae on your head. [demonic ancestry]
   501 | D:3      | Reached XP level 3. HP: 27/29 MP: 3/3
   537 | D:4      | Noticed a phantom
   561 | D:3      | Reached XP level 4. HP: 15/35 MP: 4/4
   670 | D:3      | Noticed Jessica
   684 | D:3      | Killed Jessica
   766 | D:3      | Found a glowing drain.
   774 | Sewer    | Entered a sewer
  1049 | D:3      | Noticed an orc priest
  1049 | D:3      | Noticed an orc wizard
  1230 | D:4      | Noticed a phantom
  1243 | D:5      | Entered Level 5 of the Dungeon
  1281 | D:5      | Noticed an ogre
  1297 | D:5      | Reached XP level 5. HP: 34/42 MP: 5/5
  1305 | D:5      | Reached skill level 5 in Unarmed Combat
  1309 | D:5      | HP: 1/42 [ogre/giant club (19)]
  1312 | D:5      | Mangled by an ogre

Action                   |  1- 3 |  4- 6 || total
-------------------------+-------+-------++-------
Melee: Unarmed           |    95 |   157 ||   252
 Fire: Blowgun           |       |     4 ||     4
  Use: Potion            |     1 |     3 ||     4
       Scroll            |       |     3 ||     3
 Stab: Sleeping          |     1 |       ||     1
